 Dungeon Crawl Stone Soup version 0.25-a0-265-g7af84ae0ac (webtiles) character file.

Game seed: 7421360531573255490, levelgen mode: deterministic

31 Redear the Firebug (level 2, -1/20 HPs)
             Began as a Demigod Fire Elementalist on Dec 8, 2019.
             Killed from afar by an orc wizard (7 damage)
             ... with a puff of frost
             ... on level 2 of the Dungeon.
             The game lasted 00:01:51 (1463 turns).

Redear the Firebug (Demigod Fire Elementalist)      Turns: 1463, Time: 00:01:51

Health: -1/20      AC:  2    Str: 10 (11) XL:     2   Next: 90%
Magic:  5/7        EV: 12    Int: 16 (19) God:
Gold:   49         SH:  0    Dex: 14 (16) Spells: 4/5 levels left

rFire    . . .     SeeInvis .   i - +2 dagger (drain)
rCold    . . .     Gourm    .   (no shield)
rNeg     . . .     Faith    .   a - +0 robe
rPois    .         Spirit   .   (no helmet)
rElec    .         Reflect  .   (no cloak)
rCorr    .         Harm     .   (no gloves)
MR       .....                  (no boots)
Stlth    ++........             (no amulet)
HPRegen  0.06/turn              (no ring)
MPRegen  0.10/turn              (no ring)

@: no status effects
A: high mp 1
a: no special abilities


You were on level 2 of the Dungeon.
You were not hungry.

You visited 1 branch of the dungeon, and saw 2 of its levels.

You collected 49 gold pieces.

Inventory:

Hand Weapons
 i - a +2 dagger of draining (weapon)
Armour
 a - a +0 robe (worn)
Jewellery
 b - an uncursed ring of resist corrosion {unknown}
 l - an uncursed ring of ice {unknown}
Wands
 A - a wand of acid (6)
Scrolls
 c - a scroll of teleportation {unknown}
 e - 2 scrolls of enchant armour {unknown}
 g - a scroll of fog {unknown}
 h - a scroll of identify {unknown}
 k - a scroll of remove curse {unknown}
 m - a scroll of fear {unknown}
Potions
 d - a potion of cancellation {unknown}
 f - a potion of mutation {unknown}
Comestibles
 j - 6 chunks of flesh
 z - 2 rations


   Skills:
 - Level 1.7 Dodging
 - Level 1.7 Stealth
 + Level 2.2 Spellcasting
 + Level 1.7 Conjurations
 + Level 3.1 Fire Magic


You had 4 spell levels left.
You knew the following spells:

 Your Spells              Type           Power        Failure   Level  Hunger
a - Foxfire               Conj/Fire      #...         8%          1    #......

Your spell library contained the following spells:

 Spells                   Type           Power        Failure   Level  Hunger
 Conjure Flame            Conj/Fire      #.......     22%         3    ###....
 Inner Flame              Hex/Fire       #.......     32%         3    ###....
 Sticky Flame             Conj/Fire      #.......     58%         4    #####..
 Fireball                 Conj/Fire      #.........   91%         5    ######.


Dungeon Overview and Level Annotations

Branches:
Dungeon (2/15)


Innate Abilities, Weirdness & Mutations

You have an increased reservoir of magic. (+10% MP)


Message History

The orc wizard barely misses you.
A rat comes into view.
The orc misses you.
Casting: Foxfire (safe; 8% risk of failure)
Confirm with . or Enter, or press ? or * to list all spells.
You conjure some foxfire!
The foxfire hits the orc.
The orc is moderately wounded.
You now have 5/7 mp.
The foxfire hits the orc.
The orc is heavily wounded.
You see here a scroll labeled BOLAOWEKHO.
Firing (i - inventory) No suitable missiles.
Press: ? - help, Shift-Dir - straight line, f - orc wizard
Aim: an orc wizard, wielding a +0 dagger and wearing a +0 robe (moderately wounded)
You can't see any item there.
Okay, then.
c - a scroll labeled BOLAOWEKHO The orc wizard points at you and mumbles some strange words.
The puff of frost hits you!
You die...

......(...#
#..........+
...####+#.#
#..........#
...'....#.#
####.###+#.#+####
...######.# #...
#+#
#########.######.##
#...............#
#.#####......#..#
######.#..###...
#o.@.......
#o######... #S.o.#
#o...# #w..g#
#....# #....#
#....g. ..####r.


You could see an orc wizard and an orc.

Vanquished Creatures
  An adder (D:2)
  A dart slug (D:1)
  2 leopard geckos
  2 ball pythons
  2 goblins (D:2)
  A hobgoblin (D:1)
  5 bats
  A frilled lizard (D:2)
  A kobold (D:2)
  3 rats
19 creatures vanquished.

Vanquished Creatures (others)
  15 foxfires
15 creatures vanquished.

Grand Total: 34 creatures vanquished

Notes
Turn   | Place    | Note
-------+----------+-------------------------------------------
     0 | D:1      | Redear the Demigod Fire Elementalist began the quest for
                  | the Orb.
     0 | D:1      | Reached XP level 1. HP: 14/14 MP: 5/5
    86 | D:1      | Reached skill level 1 in Conjurations
   474 | D:1      | Reached skill level 2 in Spellcasting
   505 | D:1      | Reached XP level 2. HP: 6/20 MP: 5/7
  1278 | D:2      | Reached skill level 3 in Fire Magic
  1463 | D:2      | Killed from afar by an orc wizard

Levels and vault maps discovered:
D:1:      dpeg_arrival_boxes_within_box, layout_basic
D:2:      layout_basic, first_ration

Skill      XL: |  1  2 |
---------------+-------+-----
Conjurations   | 1 |  1.7
Spellcasting   | 2 |  2.2
Fire Magic     | 3 |  3.1
Dodging        | |  1.7
Stealth        | |  1.7

Action                   || total
-------------------------++-------
Melee: Unarmed           ||    77
       Dagger            ||     6
 Cast: Foxfire           ||     9
  Use: Potion            ||     1
 Stab: Sleeping          ||     6
  Eat: Chunk             ||     2
Armor: Robe              ||    36
Dodge: Dodged            ||    78

Table legend:
 A = Non-vault XP
 B = Vault XP
 C = Vault XP percentage of total XP
 D = Non-vault monster count
 E = Vault monster count
 F = Vault count percentage of total count
                 A         B        C        D         E       F
            +---------+---------+-------+---------+---------+-------
      Total |      45 |       0 |   0.0 |      19 |       0 |   0.0
            +---------+---------+-------+---------+---------+-------
        D:1 |      18 |       0 |   0.0 |       9 |       0 |   0.0
        D:2 |      27 |       0 |   0.0 |      10 |       0 |   0.0
            +---------+---------+-------+---------+---------+-------
